 Dungeon Crawl Stone Soup version 0.27.1-1-g398f81649c (webtiles) character file.

Game seed: 13835939920607261753

46 ZARRMARR the Sneak (level 3, -8/24 HPs)
             Began as an Octopode Brigand on Sept 8, 2021.
             Killed from afar by an orc wizard (13 damage)
             ... with a puff of flame
             ... on level 2 of the Dungeon.
             The game lasted 00:03:37 (1116 turns).

ZARRMARR the Sneak (Octopode Brigand)               Turns: 1116, Time: 00:03:38

Health: -8/24      AC:  1    Str:  7 (10) XL:     3   Next: 66%
Magic:  3/3        EV: 12    Int: 13 (14) God:
Gold:   64         SH:  0    Dex: 10 (13) Spells: 2/2 levels left

rFire    . . .     SeeInvis .   a - +2 dagger
rCold    . . .     Faith    .   (no shield)
rNeg     . . .     Spirit   .   (helmet restricted)
rPois    .         Reflect  .   (no amulet)
rElec    .         Harm     .   (no ring)
rCorr    .         Rampage  .   (no ring)
Will     .....                  (no ring)
Stlth    ++++......             (no ring)
HPRegen  0.08/turn              (no ring)
MPRegen  0.08/turn              (no ring)
                                (no ring)
                                (no ring)

@: no status effects
A: almost no armour, amphibious, 8 rings, camouflage 1, gelatinous body 1,
(nimble swimmer 1), tentacles
a: no special abilities


You were on level 2 of the Dungeon.
You visited 1 branch of the dungeon, and saw 2 of its levels.

You collected 64 gold pieces.

Inventory:

Hand Weapons
 a - a +2 dagger (weapon)
Missiles
 b - 8 poisoned darts (quivered)
 c - 2 curare-tipped darts
Wands
 e - a wand of mindburst (12)
Scrolls
 f - a scroll of enchant armour
 i - a scroll of enchant weapon {unknown}


   Skills:
 - Level 2.0 Fighting
 + Level 3.9 Short Blades
 - Level 2.0 Throwing
 - Level 1.0 Dodging
 - Level 5.3 Stealth


You had 2 spell levels left.
You didn't know any spells.
Your spell library was empty.

Dungeon Overview and Level Annotations

Branches:
Dungeon (2/15)

Altars:


Innate Abilities, Weirdness & Mutations

You cannot wear most types of armour.
You are amphibious.
You can wear up to eight rings at the same time.
Your skin changes colour to match your surroundings (Stealth+).
Your rubbery body absorbs attacks. (AC +1, EV +1)
((You are camouflaged near water. (Stealth+)))
You have tentacles for arms and can constrict up to eight enemies at once.


Message History

The orc hits you with a +0 hand axe.
You hit the orc.
The orc is moderately wounded.
You constrict the orc. The orc closely misses you.
You hit the orc.
You kill the orc!
The orc hits you with a +0 club.
Things that are here:
a +0 hand axe; a +0 leather armour You closely miss the orc.
You grab the orc. You constrict the orc. The orc hits you with a +0 club.
You hit the orc. You squeeze the orc, but do no damage.
The orc is severely wounded.
You constrict the orc, but do no damage.
The orc closely misses you.
You hit the orc.
You kill the orc!
You hit something. You hit something but do no damage. Something hits you.
The orc shouts!
You hit something. You squeeze something.
You hear some strange, mumbled words.
A magic dart appears from out of thin air!
The magic dart hits you!
* * * LOW HITPOINT WARNING * * *
It was a potion of degeneration.
There was something very wrong with that liquid.
You feel weakened.
You feel dopey.
You feel clumsy. Something hits you.
* * * LOW HITPOINT WARNING * * *
It was a potion of curing.
You feel better. Something hits you.
* * * LOW HITPOINT WARNING * * *
You miss something. Something hits you.
* * * LOW HITPOINT WARNING * * *
You miss something.
You hear some strange, mumbled words.
A puff of flame appears from out of thin air!
The puff of flame hits you!
Ouch! That really hurt!
You die...

#############
########............
#o{@.....#######†###
#..######## ##..##
#...# #....# ......
#####....## #####
...........
##.......##
...##....#
#####....# #.>.....#


You could see an orc.

Vanquished Creatures
  2 adders (D:2)
  A dart slug (D:1)
  2 orcs (D:2)
  A ball python (D:1)
  2 endoplasms (D:2)
  A giant cockroach (D:1)
  3 goblins (D:1)
  A hobgoblin (D:1)
  3 quokkas (D:1)
  3 bats
  3 rats
22 creatures vanquished.

Notes
Turn   | Place    | Note
-------+----------+-------------------------------------------
     0 | D:1      | ZARRMARR the Octopode Brigand began the quest for the Orb.
     0 | D:1      | Reached XP level 1. HP: 14/14 MP: 1/1
   224 | D:1      | Reached XP level 2. HP: 19/19 MP: 2/2
   485 | D:1      | Found a faded altar of an unknown god.
  1078 | D:2      | Reached XP level 3. HP: 24/24 MP: 3/3
  1116 | D:2      | Killed from afar by an orc wizard

Illustrated notes

Levels and vault maps discovered:
D:1:      lemuel_arrival_cross, layout_basic,
          shapermc_ecumenical_altar_totnotflames, minmay_hedge_maze,
          minmay_statues_item, minivault_5, kennysheep_decorative_pillar
D:2:      layout_rooms, basic_altar, st_stairs_3, lightli_corner_chamber

Skill      XL: |  1  2 |
---------------+-------+-----
Short Blades   | 3 |  3.9
Fighting       | |  2.0
Throwing       | |  2.0
Dodging        | |  1.0
Stealth        | |  5.3

Action                   || total
-------------------------++-------
Melee: Dagger            ||    44
       Tentacles         ||     9
       Constrict         ||     7
  Use: Scroll            ||     1
       Potion            ||     2
 Stab: Sleeping          ||     8
Armor: Skin              ||     3
Dodge: Dodged            ||    11
